 Dungeon Crawl Stone Soup version 0.17-a0-1632-g0af21bd (webtiles) character file.

100 Oddball22 the Digger (level 4, -1/24 HPs)
             Began as a Gargoyle Earth Elementalist on Aug 3, 2015.
             Slain by an orc wizard
             ... wielding a +0 dagger
              (2 damage)
             ... on level 2 of the Dungeon.
             The game lasted 00:08:17 (2533 turns).

Oddball22 the Digger (Gargoyle Earth Elementalist)  Turns: 2533, Time: 00:08:18

Health: -1/24      AC:  5    Str: 15    XL:     4   Next: 74%
Magic:  8/8        EV: 12    Int: 16    God:
Gold:   91         SH:  0    Dex: 10    Spells: 4 memorised, 0 levels left

rFire  . . .     SeeInvis .     m - +0 club
rCold  . . .     Clarity  .     b - +0 robe
rNeg   + . .     SustAt   .     (no shield)
rPois  ∞         Gourm    .     (no helmet)
rElec  +         Spirit   .     (no cloak)
rCorr  .         Warding  .     (no gloves)
rMut   .         Stasis   .     (no boots)
MR     .....                    (no amulet)
Stlth  +.........               (no ring)
                                (no ring)

@: confused, mighty, very slightly contaminated, not resistant to hostile
enchantments, very unstealthy
A: big wings, talons 1, negative energy resistance 1, electricity resistance,
weak 1, unbreathing, petrification resistance, rot immunity, AC +3
a: Fly


You were on level 2 of the Dungeon.
You were not hungry.

You visited 1 branch of the dungeon, and saw 3 of its levels.

You collected 91 gold pieces.

Inventory:

Hand weapons
 m - a +0 club (weapon)
Missiles
 a - 157 stones (quivered)
 y - 23 bolts
Armour
 b - a +0 robe (worn)
Jewellery
 w - an uncursed ring of loudness
Scrolls
 e - a scroll of identify {unknown}
 i - a scroll of blinking {unknown}
 j - 4 scrolls of recharging
 l - a scroll of remove curse
 q - a scroll of amnesia {unknown}
 r - a scroll of enchant weapon {unknown}
 s - a scroll of fear {unknown}
 x - a scroll of teleportation {unknown}
Potions
 n - a potion of curing {unknown}
 o - a potion of mutation
 p - a potion of flight {unknown}
 t - a potion of invisibility {unknown}
 u - a potion of cancellation {unknown}
Books
 c - a book of Geomancy

   Spells                             Type                      Level
   a - Sandblast                      Earth                        1
   b - Stoneskin                      Transmutation/Earth          2
   c - Passwall                       Transmutation/Earth          3
   d - Stone Arrow                    Conjuration/Earth            3
   e - Petrify                        Transmutation/Earth          4
   f - Lee's Rapid Deconstruction     Earth                        5
Comestibles
 d - a bread ration
 f - 2 chunks of flesh
 h - a slice of pizza
 v - a royal jelly


   Skills:
 - Level 1.5 Dodging
 - Level 2.1 Stealth
 - Level 3.1 Spellcasting
 * Level 0.2 Conjurations
 - Level 1.3 Transmutations
 + Level 5.1 Earth Magic


You couldn't memorise any spells.
You knew the following spells:

 Your Spells              Type           Power        Failure   Level  Hunger
a - Sandblast             Erth           ###...       2%          1    None
b - Stoneskin             Trmt/Erth      ##......     10%         2    ##.....
c - Passwall              Trmt/Erth      ##........   14%         3    ###....
d - Stone Arrow           Conj/Erth      ##....       21%         3    ###....


Dungeon Overview and Level Annotations

Branches:
Dungeon (3/15)

Altars:


Innate Abilities, Weirdness & Mutations

You are resistant to torment.
Your stone body is resilient (AC +3).
You are immune to poison.
You resist negative energy.
You are resistant to electric shocks.
You can survive without breathing.
You are immune to petrification.
You are immune to rotting.
Your large and strong wings let you fly indefinitely.
You have sharp toenails.
You are weak. (Str -2)


Message History

A magic dart appears from out of thin air!
The magic dart hits you!
* * * LOW HITPOINT WARNING * * *
You bump into the rock wall.
Something hits you but does no damage.
You completely miss something. Your kick misses something.
Something hits you but does no damage. x2
You bump into the rock wall.
You feel less confused. Something hits you but does no damage.
You miss something. Something hits you.
* * * LOW HITPOINT WARNING * * *
You closely miss something. Your kick misses something.
Something hits you but does no damage.
You closely miss something. You claw something.
Something hits you but does no damage.
You hear some strange, mumbled words.
You are confused.
You closely miss something. Something barely misses you.
You miss something. Something hits you.
You die...

#################
######..).@....#.....#
#.......######.#.###.######
#.......# #.#.#...#....#
####.....).######.#..........#
###...#....>..............).....
#...♣........######.#.....#.####
#....⌠......## #..<....#..).#
#...♣.......# ###.....####.#
#...........# #....## #..


There were no monsters in sight!

Vanquished Creatures
  5 adders (D:2)
  2 worms (D:2)
  4 orcs
  A giant cockroach (D:3)
  6 goblins
  8 hobgoblins
  4 jackals (D:1)
  3 kobolds
  6 bats
  2 giant newts (D:1)
  4 rats (D:2)
45 creatures vanquished.

Notes
Turn   | Place    | Note
--------------------------------------------------------------
     0 | D:1      | Oddball22 the Gargoyle Earth Elementalist began the quest for the Orb.
     0 | D:1      | Reached XP level 1. HP: 10/10 MP: 3/3
   333 | D:1      | Reached skill level 4 in Earth Magic
   384 | D:1      | Reached XP level 2. HP: 15/15 MP: 1/5
   388 | D:1      | Learned a level 2 spell: Stoneskin
   984 | D:1      | Reached skill level 1 in Transmutations
  1115 | D:2      | Reached XP level 3. HP: 19/19 MP: 2/6
  1499 | D:2      | Learned a level 3 spell: Passwall
  1804 | D:2      | Reached XP level 4. HP: 17/24 MP: 1/8
  2220 | D:2      | Reached skill level 5 in Earth Magic
  2503 | D:2      | Learned a level 3 spell: Stone Arrow
  2517 | D:2      | Gained mutation: You are weak. (Str -2) [potion of mutation]
  2517 | D:2      | Gained mutation: Your large and strong wings let you fly indefinitely. [potion of mutation]
  2517 | D:2      | Gained mutation: You have sharp toenails. [potion of mutation]
  2529 | D:2      | HP: 1/24 [something (2)]
  2533 | D:2      | Slain by an orc wizard

Vault maps used:
D:1:      tarquinn_simple_flora_water_c, minmay_misc_feat_pillars
D:2:      serial_park_tiny_2, hangedman_feature_mirror
D:3:      nicolae_overflow_hidden_temple, first_bread, cheibriados_altar_1

Action                   |  1- 3 |  4- 6 || total
-------------------------+-------+-------++-------
Melee: Dagger            |    58 |    30 ||    88
       Club              |       |    12 ||    12
 Cast: Sandblast         |    75 |    32 ||   107
  Use: Scroll            |       |     2 ||     2
       Potion            |       |     2 ||     2
  Eat: Chunk             |     4 |     2 ||     6
